 Dungeon Crawl Stone Soup version 0.18.1-48-g4cf74bf (webtiles) character file.

30 Rome the Ducker (level 3, -3/19 HPs)
             Began as a Spriggan Abyssal Knight on July 30, 2016.
             Was a Follower of Lugonu.
             Slain by a scorpion (4 damage)
             ... on level 3 of the Dungeon.
             The game lasted 00:09:25 (1569 turns).

Rome the Ducker (Spriggan Abyssal Knight)           Turns: 1569, Time: 00:09:26

Health: -3/19      AC:  2    Str:  9    XL:     3   Next: 5%
Magic:  5/5        EV: 19    Int: 13    God:    Lugonu [*.....]
Gold:   41         SH:  0    Dex: 15    Spells: 0 memorised, 2 levels left

rFire  . . .     SeeInvis +     a - +1 short sword
rCold  . . .     Gourm    .     b - +0 robe
rNeg   . . .     Faith    .     (shield restricted)
rPois  .         Spirit   .     (helmet restricted)
rElec  .         Dismiss  .     (no cloak)
rCorr  .         Reflect  .     (gloves unavailable)
SustAt .         Harm     .     (boots unavailable)
MR     .....                    (no amulet)
Stlth  +.........               (no ring)
                                (no ring)

@: very quick, not resistant to hostile enchantments, very unstealthy
A: unfitting armour, see invisible, herbivore 3, speed 3, slow metabolism 2
a: Depart the Abyss, Renounce Religion


You were on level 3 of the Dungeon.
You worshipped Lugonu.
Lugonu was aware of your devotion.
You were very full.

You visited 1 branch of the dungeon, and saw 3 of its levels.
You visited the Abyss 1 time.

You collected 41 gold pieces.

Inventory:

Hand Weapons
 a - a +1 short sword (weapon)
 c - a +0 short sword
 g - a +0 club
 i - a +0 whip
 p - a +0 war axe
Missiles
 o - 19 sling bullets
Armour
 b - a +0 robe (worn)
 h - a +0 scale mail
Scrolls
 d - a scroll of random uselessness {unknown}
 e - a scroll of enchant weapon {unknown}
 j - 2 scrolls of remove curse {unknown}
Potions
 k - a potion of lignification {unknown}
 l - a potion of brilliance {unknown}
 n - a potion of berserk rage {unknown}
Comestibles
 f - 2 fruits
 m - 2 bread rations


   Skills:
 + Level 2.7 Fighting
 + Level 2.3 Short Blades
 + Level 4.7 Dodging
 + Level 1.9 Invocations


You had 2 spell levels left.
You didn't know any spells.

Dungeon Overview and Level Annotations

Branches:
Dungeon (3/15)

Altars:
Okawaru
Pakellas
Ru


Innate Abilities, Weirdness & Mutations

You are tiny and cannot use many weapons and most armour.
You have supernaturally acute eyesight.
You are a herbivore.
You cover ground extremely quickly.
You need consume almost no food.


Message History

The howler monkey closely misses you. The howler monkey barely misses you.
You closely miss the howler monkey.
The howler monkey is lightly wounded.
The howler monkey hits you.
* * * LOW HITPOINT WARNING * * *
The howler monkey bites you.
* * * LOW HITPOINT WARNING * * *
You barely miss the howler monkey.
The howler monkey is lightly wounded.
The howler monkey completely misses you.
The howler monkey bites you.
* * * LOW HITPOINT WARNING * * *
You barely miss the howler monkey.
The howler monkey is lightly wounded.
The howler monkey misses you. x2; The scorpion closely misses you.
You hit the howler monkey but do no damage.
The howler monkey is lightly wounded.
The howler monkey hoots and howls with incredible vigour!
The scorpion stings you.
You die...

#......... ..#.._.....# #.#
....... #.# #.....#
#.#.#.#...## ... .......
#g#.###..########.
#h#...............
#@#.###.##.#####..
#s##.....#.# #.#......#s# #
#. #.#..#s..#.#####.. .
#.#. #.#.#_#........Z..
.##.#. #.#..#..##.#####..
..... #..............#
####.#.####
######.#..##.###.#
..........####.........##.#


You could see a scorpion, a howler monkey and a goblin.

Vanquished Creatures
  An adder (D:2)
  A dart slug (D:2)
  2 giant geckos (D:3)
  2 hobgoblins
  2 bats
  3 goblins
  5 kobolds
  2 rats
18 creatures vanquished.

Notes
Turn   | Place    | Note
--------------------------------------------------------------
     0 | Abyss:1  | Rome the Spriggan Abyssal Knight began the quest for the Orb.
     0 | Abyss:1  | Reached XP level 1. HP: 11/11 MP: 3/3
    13 | D:1      | Escaped the Abyss
   321 | D:2      | Reached skill level 4 in Dodging
   325 | D:2      | Reached XP level 2. HP: 13/16 MP: 4/4
   801 | D:2      | Found an oddly glowing altar of Pakellas.
  1176 | D:3      | Found an iron altar of Okawaru.
  1422 | D:3      | Reached XP level 3. HP: 19/19 MP: 5/5
  1458 | D:3      | Found a faded altar to an unknown god.
  1478 | D:3      | Noticed a scorpion
  1539 | D:3      | Found a sacrificial altar of Ru.
  1569 | D:3      | Slain by a scorpion

Skill      XL: |  1 |
---------------+----+-----
Dodging        | 4 |  4.7
Fighting       | |  2.7
Short Blades   | |  2.3
Invocations    | |  1.9

Action                   || total
-------------------------++-------
Melee: Short sword       ||    82
  Use: Potion            ||     1
 Stab: Sleeping          ||     2
  Eat: Bread ration      ||     1
Armor: Robe              ||     8
Dodge: Dodged            ||    91
